 Dungeon Crawl Stone Soup version 0.29-a0-284-gf9362112df (webtiles) character file.

Game seed: 13369789490691231416

78 spaghetti the Covert (level 4, -4/31 HPs)
             Began as an Octopode Delver on Mar 28, 2022.
             Slain by an ice beast (5 damage)
             ... on level 6 of the Dungeon.
             The game lasted 00:00:23 (317 turns).

spaghetti the Covert (Octopode Delver)               Turns: 317, Time: 00:00:23

Health: -4/31      AC:  1    Str: 11    XL:     4   Next: 36%
Magic:  4/4        EV: 13    Int: 14    God:
Gold:   0          SH:  0    Dex: 13    Spells: 3/3 levels left

rFire   . . .      SeeInvis .   a - +0 short sword {short}
rCold   . . .      Faith    .   (no shield)
rNeg    . . .      Spirit   .   (helmet restricted)
rPois   .          Reflect  .   (no amulet)
rElec   .          Harm     .   (no ring)
rCorr   .          Rampage  .   (no ring)
Will    .....                   (no ring)
Stlth   +++++.....              (no ring)
HPRegen 0.10/turn               (no ring)
MPRegen 0.09/turn               (no ring)
                                (no ring)
                                (no ring)

@: no status effects
A: almost no armour, amphibious, 8 rings, camouflage 1, gelatinous body 1,
(nimble swimmer 1), tentacles
a: no special abilities


You were on level 6 of the Dungeon.
You visited 1 branch of the dungeon, and saw 2 of its levels.


Innate Abilities, Weirdness & Mutations

You cannot wear most types of armour.
You are amphibious.
You can wear up to eight rings at the same time.
Your skin changes colour to match your surroundings (Stealth+).
Your rubbery body absorbs attacks. (AC +1, EV +1)
((You are camouflaged when in or above water. (Stealth+)))
You have tentacles for arms and can constrict up to eight enemies at once.


   Skills:
 - Level 3.0 Fighting
 - Level 2.0 Short Blades
 - Level 2.0 Dodging
 + Level 8.9 Stealth


You had 3 spell levels left.
You didn't know any spells.
Your spell library was empty.

Inventory:

Hand Weapons
 a - a +0 short sword (weapon) {short}
Wands
 f - a wand of digging (3)
Scrolls
 b - a scroll of fog
 c - a scroll of magic mapping {!r}
 d - a scroll of fear
Potions
 e - a potion of haste {@q3}

Dungeon Overview and Level Annotations

Branches:
Dungeon (6/15)
 Temple: D:4-7

Altars:

..........#
..........#######
................
####.....###.###
#......# .
##......##≈≈
#.....#...≈#
#.#...!...≈#
..#.@.....≈#
#.Y.....≈≈≈
#......(!..#
#..........#
#.....!....#
...........
..........
........S.#


You could see an ice beast and an adder (asleep).


Message History

🤖 Initializing magus.rc ...
Options error: Delay interrupt name "hungry" not recognised. (~/.crawlrc:4761) Options error: Bad monster_list_colour key: strict_neutral (~/.crawlrc:4776) ✅ Successfully initialized magus.rc [v1.9.6] Welcome, spaghetti the Octopode Delver.
Everyone else who sought the Orb of Zot has failed.
Will you be different?
Press ? for a list of commands and other information.
Found a stone staircase leading down.
A centaur comes into view.
A centaur is nearby!
A centaur is nearby!
A centaur is nearby!
The helpless centaur fails to defend itself.
You puncture the centaur! The centaur hits you. The centaur kicks you. 😮 HP[-4]
You take 4 damage, and now have 12/16 hp.
MASSIVE DAMAGE!! (PAUSE)
You hit the centaur. The centaur hits you. The centaur barely misses you.
The centaur hits you.
* * * LOW HITPOINT WARNING * * *
The centaur kicks you.
* * * LOW HITPOINT WARNING * * *
😱 HP[-9]
You take 9 damage, and now have 3/16 hp.
MASSIVE DAMAGE!! (PAUSE)
You hit the centaur.
You kill the centaur!
Your Stealth skill gained 2 levels and is now at level 8!
You have reached level 2!
You have reached level 3!
Your experience leads to an increase in your attributes!
Increase (S)trength, (I)ntelligence, or (D)exterity?
You feel clever. x2
You have reached level 4! 😱 HP[+3] MP[+3]
You now have 31 max hp (+15).
You regained 3 hp, and now have 6/31 hp.
Your mp is fully restored (4).
Unknown command.
Unknown command.
You start resting. 😎 HP[+25]
Your hp is fully restored (31).
There is a stone staircase leading down here.
You climb downwards.
There is a stone staircase leading up here.
Unknown command.
Unknown command.
Unknown command.
Unknown command.
Unknown command.
An ice beast comes into view.
An ice beast is nearby!
An ice beast is nearby!
An adder comes into view.
The helpless ice beast fails to defend itself.
You impale the ice beast!!
You squeeze the ice beast, but do no damage.
The ice beast misses you.
You hit the ice beast but do no damage. The ice beast hits you.
The ice beast freezes you! 😮 HP[-14]
You take 14 damage, and now have 17/31 hp.
MASSIVE DAMAGE!! (PAUSE)
You closely miss the ice beast. Your squeeze misses the ice beast.
The ice beast hits you.
* * * LOW HITPOINT WARNING * * *
The ice beast freezes you!
* * * LOW HITPOINT WARNING * * *
😱 HP[-16]
You take 16 damage, and now have 1/31 hp.
MASSIVE DAMAGE!! (PAUSE)
Okay, then.
You hit the ice beast but do no damage. The ice beast completely misses you.
You completely miss the ice beast.
You squeeze the ice beast, but do no damage.
The ice beast hits you.
You die...

Skill      XL: |  1 |
---------------+----+-----
Stealth        | 8 |  8.9
Fighting       | |  3.0
Short Blades   | |  2.0
Dodging        | |  2.0

Action                   |  1- 3 |  4- 6 || total
-------------------------+-------+-------++-------
Melee: Short sword       |     3 |     5 ||     8
       Tentacles         |       |     2 ||     2
 Stab: Sleeping          |     1 |     1 ||     2
Dodge: Dodged            |     1 |     2 ||     3

Levels and vault maps discovered:
D:5:      layout_loops_ring, ebering_ghost_reflecting_pool
D:6:      layout_rooms, kennysheep_mini_moat, minmay_temple_entry_butterflies,
          serial_curves, eino_curves_02, eino_curves_03, eino_curves_02,
          kennysheep_generic_room_8

Notes
Turn   | Place    | Note
-------+----------+-------------------------------------------
     0 | D:5      | spaghetti the Octopode Delver began the quest for the Orb.
     0 | D:5      | Reached XP level 1. HP: 16/16 MP: 1/1
     0 | D:5      | magus.rc [v1.9.6]
    24 | D:5      | Noticed a centaur
    28 | D:5      | HP: 3/16 [centaur (3)]
    29 | D:5      | Killed a centaur
    30 | D:5      | Reached skill level 8 in Stealth
    30 | D:5      | Reached XP level 2. HP: 4/21 MP: 2/2
    30 | D:5      | Reached XP level 3. HP: 5/26 MP: 3/3
    30 | D:5      | Reached XP level 4. HP: 6/31 MP: 4/4
   305 | D:6      | Noticed an ice beast
   315 | D:6      | HP: 1/31 [ice beast (14)]
   317 | D:6      | Slain by an ice beast

Vanquished Creatures
  A centaur (D:5)
1 creature vanquished.

Table legend:
 A = Non-vault XP
 B = Vault XP
 C = Vault XP percentage of total XP
 D = Non-vault monster count
 E = Vault monster count
 F = Vault count percentage of total count
                 A         B        C        D         E       F
            +---------+---------+-------+---------+---------+-------
      Total |     112 |       0 |   0.0 |       1 |       0 |   0.0
            +---------+---------+-------+---------+---------+-------
        D:5 |     112 |       0 |   0.0 |       1 |       0 |   0.0
            +---------+---------+-------+---------+---------+-------

Illustrated notes

Table legend:
 A = Kills in this place as a percentage of kills in entire the game.
 B = Kills by you in this place as a percentage of kills by you in the entire game.
 C = Kills by friends in this place as a percentage of kills by friends in the entire game.
 D = Other kills in this place as a percentage of other kills in the entire game.
 E = Experience gained in this place as a percentage of experience gained in the entire game.
 F = Experience gained in this place divided by the number of levels of this place that you have seen.
                   A       B       C       D       E      F
               +-------+-------+-------+-------+-------+----------------------
         Total | 100.0 | 100.0 |   N/A |   N/A | 100.0 |  56.0
       Dungeon | 100.0 | 100.0 |   N/A |   N/A | 100.0 |  56.0
               +-------+-------+-------+-------+-------+----------------------

Table legend: (Time is in decaauts)
 A = Elapsed time spent in this place.
 B = Non-inter-level travel time spent in this place.
 C = Inter-level travel time spent in this place.
 D = Time resting spent in this place.
 E = Time spent auto-exploring this place.
 F = Levels seen in this place.
 G = Mean time per level.
                   A        B        C        D        E       F      G
               +--------+--------+--------+--------+--------+-----+--------+
         Total |    316 |    293 |     23 |    243 |     31 |   2 |  158.0 |
       Dungeon |    316 |    293 |     23 |    243 |     31 |   2 |  158.0 |
               +--------+--------+--------+--------+--------+-----+--------+

Top non-repeatable levels by time:
     D:5: 297 daAuts
     D:6: 19 daAuts
